 Dungeon Sprint DCSS version 0.30-a0-953-g5f1da4a474 (webtiles) character file.

Game seed: 7888239132392711086

1213 testman the Fighter (level 8, -21/71 HPs)
             Began as a Djinni Ice Elementalist on Mar 28, 2023.
             Was a Priest of Makhleb.
             Demolished by a boulder beetle (29 damage)
             ... in the Dungeon (Sprint IX: "|||||||||||||||||||||||||||||").
             The game lasted 00:08:36 (491 turns).

testman the Fighter (Djinni Ice Elementalist)        Turns: 491, Time: 00:08:38

Health: -21/71     AC: 15    Str: 10    XL:     8   Next: 74%
Gold:   0          EV: 13    Int: 18    God:    Makhleb [***...] SH:  0 Dex: 15

rFire   + + .      SeeInvis .    i - +4 quarterstaff (speed)
rCold   x . .      Faith    .    (shield currently unavailable)
rNeg    . . .      Spirit   .    l - +2 ring mail
rPois   ∞          Reflect  .    (no helmet)
rElec   .          Rampage  .    j - +0 cloak
rCorr   .          NoTele   +    k - +0 pair of gloves
Will    .....                    (boots unavailable)
Stlth   +                        (no amulet)
HPRegen 0.31/turn                m - +3 ring of strength
MPRegen 0.00/turn                n - +2 ring of protection

@: ice-armoured, freezing walls, flying
A: sickness immunity, fire resistance 2, cold vulnerability 1, float, innate
caster, HP casting, extra vitality 1
a: Renounce Religion, Minor Destruction, Lesser Servant of Makhleb


You were in the Dungeon.
You worshipped Makhleb.
Makhleb was most pleased with you.
You visited 1 branch

Inventory:

Hand Weapons
 g - a +0 dagger
 i - a +4 quarterstaff of speed (weapon)
Armour
 a - a +0 robe
 j - a +0 cloak (worn)
 k - a +0 pair of gloves (worn)
 l - a +2 ring mail (worn)
Jewellery
 m - a +3 ring of strength (left hand)
 n - a +2 ring of protection (right hand)
Wands
 h - a wand of acid (8)
Scrolls
 f - 2 scrolls of blinking
Potions
 b - 5 potions of curing
 c - a potion of invisibility
 d - a potion of haste
 e - 2 potions of heal wounds


   Skills:
 + Level 11.0 Fighting
 + Level 6.6 Staves
 - Level 7.0 Dodging
 - Level 1.5 Stealth
 + Level 9.2 Spellcasting


You knew the following spells:

 Your Spells              Type           Power      Damage    Failure   Level
a - Freeze                Ice            100%       1d10      1%          1
b - Frozen Ramparts       Ice            82%        1d13      1%          3
c - Ozocubu's Armour      Ice            41%        N/A       1%          3
d - Summon Ice Beast      Ice/Summ       41%        N/A       4%          4
e - Kiss of Death         Conj/Necr      100%       2d13      1%          1
f - Blink                 Tloc           82%        N/A       1%          2
g - Swiftness             Air            41%        N/A       1%          3
Your spell library was empty.

Dungeon Overview and Level Annotations

Branches:
Dungeon (1/1)

Altars:
Cheibriados
Dithmenos
Elyvilon
Fedhas
Gozag
Hepliaklqana
Makhleb
Nemelex Xobeh
Okawaru
Qazlal
Ru
Trog
Uskayaw
Wu Jian
Xom
Yredelemnul
Zin
The Shining One
Jiyva
Lugonu


Innate Abilities, Weirdness & Mutations

You are immune to sickness and miasma.
You are immune to poison.
Your flesh is very heat resistant. (rF++)
You are vulnerable to cold. (rC-)
You float through the air rather than walking.
You learn spells naturally, not from books.
Your magical power is your life essence.
You have superior vitality. (+4 MHP)


Message History

Casting: Summon Ice Beast (dangerous; 4% risk of failure)
Confirm with . or Enter, or press ? or * to list all spells.
Casting: Frozen Ramparts (safe; 1% risk of failure)
Press: ? - help, Dir - look around, f - activate The walls around you are covered in ice.
The wall freezes the guardian serpent.
The guardian serpent barely misses your ice beast.
The boulder beetle curls into a ball and begins rolling!
Your ice beast hits the guardian serpent but does no damage.
Casting: Frozen Ramparts (safe; 1% risk of failure)
Confirm with . or Enter, or press ? or * to list all spells.
Okay, then.
Unknown command.
The wall freezes the guardian serpent but does no damage.
The guardian serpent hits your ice beast.
Your ice beast dies!
Your ice beast disappears in a puff of smoke!
The wall freezes the guardian serpent.
Casting: Frozen Ramparts (safe; 1% risk of failure)
Confirm with . or Enter, or press ? or * to list all spells.
A chill wind blows around you.
The wall freezes the guardian serpent.
The guardian serpent hits you but does no damage.
You hit the guardian serpent but do no damage.
The guardian serpent is heavily wounded.
The wall freezes the guardian serpent but does no damage.
The guardian serpent closely misses you.
The wall freezes the boulder beetle!
You barely miss the guardian serpent.
The guardian serpent is heavily wounded.
The wall freezes the guardian serpent but does no damage.
The guardian serpent hits you!!
The wall freezes the boulder beetle!
Your ice beast hits the guardian serpent.
Your ice beast freezes the guardian serpent.
You hit the boulder beetle.
The boulder beetle is severely wounded.
The wall freezes the guardian serpent.
The guardian serpent hits you!
* * * LOW HITPOINT WARNING * * *
The wall freezes the boulder beetle but does no damage.
The boulder beetle hits you!!
You die... ▓▓▓▓▓▓▓▓▓▓▓▓▓▓▓▓▓▓▓▓▓▓▓▓ .....YS@B°°.†)......)?!' ▓▓▓▓▓▓▓▓▓▓▓▓▓▓▓▓▓▓▓▓▓▓▓▓

You could see a boulder beetle (rolling), a guardian serpent (ally target) and a friendly ice beast (summoned).

Vanquished Creatures
  A gargoyle (D)
  A wraith (D)
  A yak (D)
  A vampire mosquito (D)
  An ice beast (D)
  An ogre (shapeshifter) (D)
  A phantom (D)
  A gnoll sergeant (D)
  2 killer bees (D)
  2 howler monkeys (D)
  A sleepcap (D)
  An adder (D)
  A dart slug (D)
  A ball python (D)
  An endoplasm (D)
  A goblin (D)
  A hobgoblin (D)
  A quokka (D)
20 creatures vanquished.

Notes
Turn   | Place    | Note
-------+----------+-------------------------------------------
     0 | D        | testman the Djinni Ice Elementalist began the quest for the
                  | Orb.
     0 | D        | testman set off with the following spells memorised:
                  | Freeze, Frozen Ramparts, Ozocubu's Armour, Summon Ice
                  | Beast.
     0 | D        | Reached XP level 1. HP: 15/15 MP: 0/0
     9 | D        | Reached skill level 1 in Fighting
    14 | D        | Reached skill level 2 in Fighting
    16 | D        | Reached XP level 2. HP: 5/24 MP: 0/0
    95 | D        | Noticed an ice beast
    95 | D        | Noticed a phantom
   103 | D        | Reached skill level 3 in Fighting
   117 | D        | Killed a phantom
   118 | D        | Reached skill level 5 in Fighting
   118 | D        | Reached skill level 5 in Spellcasting
   118 | D        | Reached XP level 3. HP: 32/34 MP: 0/0
   118 | D        | Learned a level 1 spell: Kiss of Death
   118 | D        | Reached XP level 4. HP: 38/40 MP: 0/0
   120 | D        | Reached skill level 6 in Fighting
   126 | D        | Killed an ice beast
   127 | D        | Reached skill level 7 in Fighting
   127 | D        | Reached XP level 5. HP: 22/48 MP: 0/0
   127 | D        | Learned a level 2 spell: Blink
   127 | D        | Reached XP level 6. HP: 25/54 MP: 0/0
   130 | D        | Reached skill level 8 in Fighting
   269 | D        | Found a snail-covered altar of Cheibriados.
   269 | D        | Found a shadowy altar of Dithmenos.
   269 | D        | Found a white marble altar of Elyvilon.
   269 | D        | Found a blossoming altar of Fedhas.
   269 | D        | Found an opulent altar of Gozag.
   270 | D        | Found a hazy altar of Hepliaklqana.
   271 | D        | Found a viscous altar of Jiyva.
   273 | D        | Found a corrupted altar of Lugonu.
   274 | D        | Found a burning altar of Makhleb.
   275 | D        | Found a sparkling altar of Nemelex Xobeh.
   276 | D        | Found an iron altar of Okawaru.
   277 | D        | Found a stormy altar of Qazlal.
   278 | D        | Found a sacrificial altar of Ru.
   280 | D        | Found a bloodstained altar of Trog.
   281 | D        | Found a hide-covered altar of Uskayaw.
   283 | D        | Found an ornate altar of the Wu Jian Council.
   284 | D        | Found a shimmering altar of Xom.
   285 | D        | Found a basalt altar of Yredelemnul.
   286 | D        | Found a glowing silver altar of Zin.
   287 | D        | Found a glowing golden altar of the Shining One.
   298 | D        | Became a worshipper of Makhleb the Destroyer
   356 | D        | Noticed a yak
   356 | D        | Noticed a gargoyle
   360 | D        | Killed a gargoyle
   361 | D        | Reached skill level 9 in Fighting
   361 | D        | Reached skill level 5 in Dodging
   361 | D        | Reached XP level 7. HP: 31/61 MP: 0/0
   361 | D        | Learned a level 3 spell: Swiftness
   371 | D        | Reached * piety under Makhleb
   373 | D        | Killed a yak
   374 | D        | Reached skill level 10 in Fighting
   374 | D        | Reached skill level 5 in Staves
   374 | D        | Reached XP level 8. HP: 41/68 MP: 0/0
   374 | D        | Reached ** piety under Makhleb
   465 | D        | Noticed a guardian serpent
   465 | D        | Noticed a wraith
   465 | D        | Noticed a boulder beetle
   477 | D        | Killed a wraith
   484 | D        | Reached *** piety under Makhleb
   485 | D        | Reached skill level 11 in Fighting
   491 | D        | Demolished by a boulder beetle

Illustrated notes

Levels and vault maps discovered:
D:        linesprint [early_d, line_temple, items_1, d_10, items_2, lair_1,
          lair_end, items_3, orc_1, orc_end, items_4, d_15, swamp_1, shoals_1,
          snake_1, spider_1, d_20, vaults_1, items_5, swamp_end, shoals_end,
          snake_end, spider_end, vaults_end, d_27, items_6, zot_1, zot_end,
          crypt_end, forest_end, elf_end, slime_end, tomb_end, abyss_end,
          pan_hell_end]

Skill      XL: |  1  2  3  4  5  6  7  8 |
---------------+-------------------------+-----
Fighting       | 2 5 7 9 10 11 | 11.0
Spellcasting   | 5 6 8 9 |  9.2
Staves         | 4 5 6 |  6.6
Dodging        | 5 6 7 |  7.0
Stealth        | |  1.5

Action                     |  1- 3 |  4- 6 |  7- 9 || total
---------------------------+-------+-------+-------++-------
  Melee: Dagger            |    13 |     8 |       ||    21
         Quarterstaff      |       |     2 |    21 ||    23
   Cast: Freeze            |    16 |     4 |     3 ||    23
         Frozen Ramparts   |       |     3 |     4 ||     7
         Ozocubu's Armour  |       |     2 |     1 ||     3
         Summon Ice Beast  |       |       |     2 ||     2
  Evoke: Wand              |       |       |     2 ||     2
    Use: Potion            |     2 |       |       ||     2
 Armour: Robe              |     3 |     1 |       ||     4
         Ring mail         |       |     1 |     7 ||     8
  Dodge: Dodged            |     9 |     3 |    10 ||    22

Table legend: (Time is in decaauts)
 A = Elapsed time spent in this place.
 B = Non-inter-level travel time spent in this place.
 C = Inter-level travel time spent in this place.
 D = Time resting spent in this place.
 E = Time spent auto-exploring this place.
 F = Levels seen in this place.
 G = Mean time per level.
                   A        B        C        D        E       F      G
               +--------+--------+--------+--------+--------+-----+--------+
         Total |    489 |    465 |     24 |    296 |      0 |   1 |  489.0 |
       Dungeon |    489 |    465 |     24 |    296 |      0 |   1 |  489.0 |
               +--------+--------+--------+--------+--------+-----+--------+

Top non-repeatable levels by time:
       D: 489 daAuts
